 Dungeon Crawl Stone Soup version 0.30-a0-986-g7f2e898f52 (webtiles) character file.

Game seed: 14320119826275491435

304 Zonian the Ruffian (level 6, -2/32 HPs)
             Began as a Vine Stalker Gladiator on Apr 2, 2023.
             Slain by Pikel
             ... wielding a +2 whip of flaming
              (5 damage)
             ... on level 3 of the Dungeon.
             The game lasted 00:04:41 (3027 turns).

Zonian the Ruffian (Vine Stalker Gladiator)         Turns: 3027, Time: 00:04:44

Health: -2/32      AC:  8    Str: 19    XL:     6   Next: 38%
Magic:  0/7        EV: 12    Int:  8    God:
Gold:   205        SH:  3    Dex: 15    Spells: 5/5 levels left

rFire   . . .      SeeInvis +    e - +2 dagger (venom)
rCold   . . .      Faith    .    B - +0 buckler
rNeg    + . .      Spirit   +    a - +0 leather armour
rPois   .          Reflect  .    b - +0 helmet
rElec   .          Rampage  .    p - +2 cloak
rCorr   .                        D - +0 pair of gloves
Will    .....                    (no boots)
Stlth   +                        (no amulet)
HPRegen 1.05/turn                f - ring of see invisible
MPRegen 0.10/turn                E - ring of positive energy

@: no status effects
A: fangs 2, regeneration 1, magic shield, antimagic bite, no potion heal 2
a: no special abilities


You were on level 3 of the Dungeon.
You visited 1 branch of the dungeon, and saw 4 of its levels.

You collected 205 gold pieces.

Inventory:

Hand Weapons
 e - a +2 dagger of venom (weapon)
 y - the +3 hand axe of Rousilac {flame, Int+2 Dex+3}
   (You found it on level 3 of the Dungeon)

   Int:       It affects your intelligence (+2).
   Dex:       It affects your dexterity (+3).
Missiles
 c - 2 throwing nets (quivered)
 d - a javelin
 j - 11 boomerangs
Armour
 a - a +0 leather armour (worn)
 b - a +0 helmet (worn)
 p - a +2 cloak (worn)
 B - a +0 buckler (worn)
 C - a +0 pair of gloves
 D - a +0 pair of gloves (worn)
Jewellery
 f - a ring of see invisible (left hand)
 E - a ring of positive energy (right hand)
Wands
 m - a wand of quicksilver (8)
Scrolls
 g - 3 scrolls of vulnerability {unknown}
 k - 3 scrolls of teleportation {unknown}
 l - a scroll of fear {unknown}
 o - a scroll of magic mapping {unknown}
 q - 2 scrolls of identify {unknown}
 r - 3 scrolls of blinking {unknown}
 v - a scroll of fog {unknown}
 x - a scroll of immolation {unknown}
 A - 2 scrolls of enchant weapon {unknown}
 F - a scroll of noise {unknown}
Potions
 h - 2 potions of curing
 i - a potion of brilliance {unknown}
 n - a potion of heal wounds {unknown}
 s - a potion of ambrosia {unknown}
 t - a potion of flight {unknown}
 u - a potion of degeneration {unknown}
 w - 2 potions of cancellation {unknown}
 z - a potion of mutation {unknown}


   Skills:
 + Level 3.3 Fighting
 + Level 3.3 Throwing
 + Level 3.5 Dodging
 + Level 4.3 Unarmed Combat


You had 5 spell levels left.
You didn't know any spells.
Your spell library was empty.

Dungeon Overview and Level Annotations

Branches:
Dungeon (4/15)
 Temple: D:4-7

Altars:

Annotations:
D:3 Pikel


Innate Abilities, Weirdness & Mutations

You have extremely sharp teeth.
Your natural rate of healing is unusually fast.
When hurt, damage is shared between your health and your magic reserves.
Your bite disrupts and absorbs the magic of your enemies.
Potions cannot restore your health.


Message History

There is a stone staircase leading up here.
Unknown command.
Aiming: Quicksilver Bolt
Press: ? - help, Shift-Dir - straight line, f - Pikel
Aim: Pikel, wielding a +2 whip of flaming, wearing a +0 robe and carrying a wand of flame (14) (64% to hit)
The bolt of dispelling energy hits Pikel!
Pikel is lightly wounded.
Unknown command.
The lemure barely misses you.
Pikel zaps a wand.
The puff of flame hits you!
You climb upwards.
There is a stone staircase leading down, spattered with blood here.
Unknown command.
You closely miss Pikel. Your bite misses Pikel.
Pikel is lightly wounded.
The lemure hits you. Pikel misses you.
You hit Pikel.
Pikel is poisoned.
Your bite misses Pikel.
Pikel is moderately wounded.
The lemure misses you.
Pikel drinks a potion.
Pikel is healed!
Pikel looks more healthy.
You hit Pikel but do no damage.
Pikel is poisoned.
Your bite misses Pikel.
Pikel is lightly wounded.
The lemure closely misses you.
Pikel zaps a wand.
The puff of flame hits you!
You barely miss Pikel. You bite Pikel, but do no damage.
Pikel is lightly wounded.
The lemure closely misses you. You block Pikel's attack.
You completely miss Pikel. The lemure hits you.
Pikel hits you with a +2 whip of flaming.
Pikel burns you.
You closely miss Pikel. The lemure closely misses you.
Pikel hits you with a +2 whip of flaming!
* * * LOW HITPOINT WARNING * * *
Pikel burns you.
* * * LOW HITPOINT WARNING * * *
You hit Pikel but do no damage.
Pikel looks even sicker.
Your bite misses Pikel.
Pikel is lightly wounded.
The lemure hits you.
* * * LOW HITPOINT WARNING * * *
Pikel hits you with a +2 whip of flaming.
You die...

...# #.##...... ...#
#########.##...... ...#
#..........#...... ...#
#.########.#...... ...#
#.#.....##.#...... [#.#
#.#.###.##.#...... .#.#
#.#.###.##.##.####
.#.#############5#.....##.##.####
)#.#...........K@#####(#...#.....
.#.#...................#.#.######
...#..................##.#.##
#..#..................#..#..#
##.#.............######.###.##
#.....#.#.......# ###..#[#..###
#####.....#########...##.##...##
########....#####....###...###...
#......#..........####...#...####


You could see Pikel (very poisoned) and a lemure.

Vanquished Creatures
  A water moccasin (D:4)
  2 lemures (D:3)
  2 orc priests (D:3)
  A sleepcap (D:4)
  4 adders
  2 worms (D:2)
  2 dart slugs
  8 orcs
  3 endoplasms
  2 giant cockroaches
  6 goblins
  7 hobgoblins
  5 quokkas
  5 ball pythons
  4 bats
  2 frilled lizards
  3 kobolds
  3 rats
62 creatures vanquished.

Notes
Turn   | Place    | Note
-------+----------+-------------------------------------------
     0 | D:1      | Zonian the Vine Stalker Gladiator began the quest for the
                  | Orb.
     0 | D:1      | Reached XP level 1. HP: 11/11 MP: 2/2
   178 | D:1      | Reached XP level 2. HP: 13/15 MP: 3/3
   657 | D:2      | Reached XP level 3. HP: 13/18 MP: 2/4
  1581 | D:2      | Gained mutation: Your natural rate of healing is unusually
                  | fast. [Vine Stalker growth]
  1581 | D:2      | Reached XP level 4. HP: 4/23 MP: 1/5
  1845 | D:2      | Found a faded altar of an unknown god.
  1950 | D:3      | Reached XP level 5. HP: 18/27 MP: 6/6
  2127 | D:3      | Identified the +3 hand axe of Rousilac {flame, Int+2 Dex+3}
  2715 | D:4      | Noticed Pikel
  2715 | D:4      | Noticed a lemure
  2715 | D:4      | Noticed a lemure
  2715 | D:4      | Noticed a lemure
  2715 | D:4      | Noticed a lemure
  2724 | D:3      | Killed a lemure
  2794 | D:4      | Noticed a water moccasin
  2803 | D:4      | Killed a water moccasin
  2804 | D:4      | Reached skill level 4 in Unarmed Combat
  2804 | D:4      | Reached XP level 6. HP: 25/32 MP: 7/7
  3027 | D:3      | Slain by Pikel

Illustrated notes

Levels and vault maps discovered:
D:1:      lightli_arrival_noodles, layout_rooms, minivault_5
D:2:      layout_basic, hellmonk_ecumenical_altar_defaced_shrine,
          minmay_stone_trees_small, grunt_ministairs_4
D:3:      minmay_general_purpose_star, layout_basic, minmay_misc_feat_pillars,
          minmay_cupped
D:4:      layout_cave_pods, serial_park, serial_park_fountain,
          serial_park_tiny_1, serial_park_tiny_pond, uniq_pikel,
          uniq_blork_the_orc

Skill      XL: |  1  2  3  4  5 |
---------------+----------------+-----
Fighting       | 2 3 |  3.3
Throwing       | 2 3 |  3.3
Dodging        | 3 |  3.5
Unarmed Combat | 4 |  4.3

Action                     |  1- 3 |  4- 6 || total
---------------------------+-------+-------++-------
  Melee: Unarmed           |    13 |       ||    13
         Dagger            |    73 |   101 ||   174
         Bite              |    21 |    31 ||    52
         Punch             |     2 |     2 ||     4
  Throw: Throwing net      |       |     1 ||     1
  Evoke: Wand              |       |     3 ||     3
   Stab: Sleeping          |       |     1 ||     1
 Armour: Leather armour    |    26 |    23 ||    49
  Dodge: Dodged            |    47 |    59 ||   106
  Block: Buckler           |       |     7 ||     7

Table legend: (Time is in decaauts)
 A = Elapsed time spent in this place.
 B = Non-inter-level travel time spent in this place.
 C = Inter-level travel time spent in this place.
 D = Time resting spent in this place.
 E = Time spent auto-exploring this place.
 F = Levels seen in this place.
 G = Mean time per level.
                   A        B        C        D        E       F      G
               +--------+--------+--------+--------+--------+-----+--------+
         Total |   3029 |   2894 |    135 |    249 |   2038 |   4 |  757.2 |
       Dungeon |   3029 |   2894 |    135 |    249 |   2038 |   4 |  757.2 |
               +--------+--------+--------+--------+--------+-----+--------+

Top non-repeatable levels by time:
     D:2: 1252 daAuts
     D:3: 908 daAuts
     D:1: 644 daAuts
     D:4: 224 daAuts
